 Dungeon Crawl Stone Soup version 0.20.1-1-g8b1a95d66d (webtiles) character file.

225 Peloso the Shield-Bearer (level 6, -2/42 HPs)
             Began as a Halfling Fighter on Dec 3, 2017.
             Slain by Peloso's ghost (5 damage)
             ... on level 3 of the Dungeon.
             The game lasted 00:05:00 (2480 turns).

Peloso the Shield-Bearer (Halfling Fighter)         Turns: 2480, Time: 00:05:00

Health: -2/42      AC: 11    Str: 19    XL:     6   Next: 21%
Magic:  6/6        EV:  7    Int:  6    God:
Gold:   132        SH: 10    Dex: 14    Spells: 5/5 levels left

rFire    . . .     SeeInvis .   a - +0 long sword
rCold    . . .     Gourm    .   c - +0 shield
rNeg     . . .     Faith    .   b - +0 chain mail
rPois    .         Spirit   .   (no helmet)
rElec    .         Reflect  .   u - +0 cloak {MR+}
rCorr    .         Harm     .   v - +0 pair of gloves
MR       +....                  (no boots)
Stlth    ..........             g - amulet of magic regeneration
Regen    0.2/turn               (no ring)
MPRegen  0.2/turn               (no ring)

@: no status effects
A: mutation resistance 1
a: no special abilities


You were on level 3 of the Dungeon.
You were hungry.

You visited 1 branch of the dungeon, and saw 3 of its levels.

You collected 132 gold pieces.

Inventory:

Hand Weapons
 a - a +0 long sword (weapon)
Armour
 b - a +0 chain mail (worn)
 c - a +0 shield (worn)
 u - a +0 cloak of magic resistance (worn)
 v - a +0 pair of gloves (worn)
Jewellery
 g - an amulet of magic regeneration (around neck)
Wands
 t - a wand of random effects (25/48)
Scrolls
 e - 2 scrolls of remove curse {unknown}
 h - 2 scrolls of teleportation {unknown}
 i - 2 scrolls of identify {unknown}
 j - a scroll of amnesia {unknown}
 m - 2 scrolls of fear {unknown}
 n - a scroll of enchant weapon {unknown}
 p - a scroll of noise {unknown}
 q - a scroll of enchant armour {unknown}
 r - a scroll of fog {unknown}
 x - a scroll of recharging {unknown}
Potions
 k - 2 potions of heal wounds {unknown}
 l - 2 potions of flight {unknown}
 o - 2 potions of ambrosia {unknown}
 w - a potion of invisibility {unknown}
Comestibles
 f - 2 bread rations
 s - 2 royal jellies


   Skills:
 + Level 3.2 Fighting
 + Level 3.9 Long Blades
 + Level 4.1 Armour
 + Level 1.0 Dodging
 + Level 0.2 Stealth
 + Level 4.6 Shields


You had 5 spell levels left.
You didn't know any spells.

Dungeon Overview and Level Annotations

Branches:
Dungeon (3/15)

Altars:
Elyvilon
The Shining One

Annotations:
D:3 Peloso's ghost, amateur HaFi


Innate Abilities, Weirdness & Mutations

You are small and have problems with some larger weapons.
You are somewhat resistant to further mutation.


Message History

* * * LOW HITPOINT WARNING * * *
You barely miss Peloso's ghost.
Peloso's ghost is almost destroyed.
You block Peloso's ghost's attack.
You hit Peloso's ghost but do no damage.
Peloso's ghost is almost destroyed.
Peloso's ghost hits you.
* * * LOW HITPOINT WARNING * * *
You hit Peloso's ghost but do no damage.
Peloso's ghost is almost destroyed.
You block Peloso's ghost's attack. x2
You hit Peloso's ghost.
Peloso's ghost is almost destroyed.
Peloso's ghost hits you.
* * * LOW HITPOINT WARNING * * *
Your chain mail prevents you from hitting Peloso's ghost.
Peloso's ghost is almost destroyed.
Peloso's ghost keens inconsolably.
Peloso's ghost hits you.
You die...

# # .# ######## .#
........##########.##
#.#####.#...........##
... #.#............#
+#..##.#............#
#.##..........W...#
... #..[....@#
#..#........#
#.#...†....#
#.#..###.# #.#.####.#
#......#.# ###.##.#.#
#.# ..# #.# ###


You could see Peloso's ghost.

Vanquished Creatures
  An ogre (D:3)
  Crazy Yiuf (D:2)
  A hound skeleton (D:3)
  3 adders
  An ooze (D:3)
  A worm (D:3)
  2 dart slugs
  A leopard gecko (D:1)
  6 bats
  7 giant cockroaches
  9 goblins
  6 hobgoblins
  5 jackals
  A quokka (D:2)
  A ball python (D:1)
  4 frilled lizards
  5 kobolds
  4 rats
59 creatures vanquished.

Notes
Turn   | Place    | Note
-------+----------+-------------------------------------------
     0 | D:1      | Peloso the Halfling Fighter began the quest for the Orb.
     0 | D:1      | Reached XP level 1. HP: 15/15 MP: 1/1
   144 | D:1      | Reached XP level 2. HP: 14/20 MP: 2/2
   373 | D:1      | Reached XP level 3. HP: 23/26 MP: 3/3
   609 | D:1      | Found a glowing golden altar of the Shining One.
   794 | D:2      | Reached skill level 1 in Dodging
   794 | D:2      | Reached XP level 4. HP: 31/31 MP: 4/4
  1110 | D:2      | Found a runed door.
  1584 | D:2      | Noticed Crazy Yiuf
  1902 | D:2      | Killed Crazy Yiuf
  1902 | D:2      | Reached XP level 5. HP: 28/36 MP: 5/5
  2152 | D:3      | Noticed an ogre
  2160 | D:3      | Killed an ogre
  2160 | D:3      | Reached XP level 6. HP: 29/42 MP: 6/6
  2199 | D:3      | Found a white marble altar of Elyvilon.
  2446 | D:3      | Noticed Peloso's ghost (amateur HaFi)
  2480 | D:3      | Slain by Peloso's ghost

Skill      XL: |  1  2  3  4  5 |
---------------+----------------+-----
Fighting       | 3 |  3.2
Dodging        | 1 |  1.0
Long Blades    | 3 |  3.9
Shields        | 4 |  4.6
Armour         | 4 |  4.1
Stealth        | |  0.2

Action                   |  1- 3 |  4- 6 || total
-------------------------+-------+-------++-------
Melee: Long sword        |   108 |   132 ||   240
  Use: Potion            |       |     1 ||     1
  Eat: Chunk             |       |     5 ||     5
Armor: Scale mail        |    12 |       ||    12
       Chain mail        |    67 |    51 ||   118
Dodge: Dodged            |    35 |    33 ||    68
Block: Shield            |    74 |    71 ||   145
       Rpst.: Long sword |    15 |     8 ||    23
